 Dungeon Crawl Stone Soup version 0.31-a0-1321-g5021b54 (webtiles) character file.

Game seed: 16156076198854824631

58 Meow the Conjurer (level 4, 36/36 HPs)
             Began as a Naga Conjurer on Dec 20, 2023.
             Quit the game on level 2 of the Dungeon.
             The game lasted 00:02:58 (1385 turns).

Meow the Conjurer (Naga Conjurer)                   Turns: 1385, Time: 00:02:58

Health: 36/36      AC:  2    Str:  9    XL:     4   Next: 1%
Magic:  8/8        EV: 14    Int: 20    God:
Gold:   93         SH:  5    Dex: 10    Spells: 6/9 levels left

rFire   . . .        a - +5 spear
rCold   . . .        (no shield)
rNeg    . . .        d - +0 robe
rPois   +            (no helmet)
rElec   .            (no cloak)
rCorr   .            (no gloves)
SInv    +            (no barding)
Will    .....        q - amulet of reflection
Stlth   ++           r - +5 ring of evasion
HPRegen 0.26/turn    (no ring)
MPRegen 0.11/turn

%: reflection
@: very slow
A: AC +1, large, see invisible, deformed body, poison resistance, slowness 2,
spit poison 1, naga tail 1
a: Spit Poison


You were on level 2 of the Dungeon.
You visited 1 branch of the dungeon, and saw 2 of its levels.

You collected 93 gold pieces.

Inventory:

Hand Weapons
 a - a +5 spear (weapon)
 j - a +0 club
 o - a +2 short sword of venom
Missiles
 h - 21 stones
Armour
 d - a +0 robe (worn)
 k - an orb of light
Jewellery
 q - an amulet of reflection (around neck)
 r - a +5 ring of evasion (left hand)
 u - a ring of resist corrosion
Scrolls
 c - 2 scrolls of enchant weapon {unknown}
 e - a scroll of identify {unknown}
 g - a scroll of amnesia {unknown}
 l - 2 scrolls of teleportation {unknown}
 m - a scroll of silence {unknown}
 n - a scroll of enchant armour {unknown}
 p - a scroll of noise {unknown}
 s - a scroll of blinking {unknown}
 t - a scroll of immolation {unknown}
Potions
 b - 2 potions of magic
 f - 2 potions of curing {unknown}
 i - a potion of heal wounds {unknown}
 v - a potion of attraction {unknown}


   Skills:
 - Level 1.5 Dodging
 - Level 3.0 Stealth
 + Level 3.0 Spellcasting
 + Level 4.8 Conjurations


You had 6 spell levels left.
You knew the following spells:

 Your Spells              Type           Power      Damage    Failure   Level
a - Magic Dart            Conj           88%        1d7       1%          1
b - Searing Ray           Conj           44%        2d6       3%          2

Your spell library contained the following spells:

 Spells                   Type           Power      Damage    Failure   Level
 Shock                    Conj/Air       48%        1d6       5%          1
 Ensorcelled Hibernation  Hex/Ice        6%         N/A       22%         2
 Passwall                 Alch/Erth      2%         N/A       22%         2
 Swiftness                Air            3%         N/A       38%         3
 Fulminant Prism          Conj/Alch      6%         3d7       45%         4
 Iskenderun's Mystic Bla  Conj/Tloc      12%        2d5       45%         4
 Airstrike                Air            1%         2d(1-17)  80%         4


Dungeon Overview and Level Annotations

Branches:
Dungeon (2/15)

Altars:
Nemelex Xobeh


Innate Abilities, Weirdness & Mutations

Your serpentine skin is tough. (AC +1)
You have supernaturally acute eyesight. (SInv)
Armour fits poorly on your strangely shaped body.
Your system is resistant to poisons. (rPois)
You cover ground very slowly.
You can spit poison.
You have a snake-like lower body.


Message History

You see here 7 stones.
Aiming: Spit Poison (2% risk of failure)
Press: ? - help, Shift-Dir - straight line, f - worm
Aim: a worm (asleep, 100% to hit)
The splash of poison hits the worm!
The worm is poisoned.
The worm is heavily wounded.
Unknown command.
Casting: Magic Dart (safe; 1% risk of failure)
Confirm with . or Enter, or press ? or * to list all spells.
Aiming: Searing Ray (safe; 3% risk of failure)
Press: ? - help, Shift-Dir - straight line, f/p - worm
Aim: a worm (heavily wounded, poisoned, 92% to hit)
The searing ray hits the worm!
You kill the worm! (Press . to maintain the ray.) Unknown command.
h - 21 stones (gained 7)
You have got your breath back.
There is a stone staircase leading up here.
Found a stone staircase leading down.
There is a stone staircase leading down here.
You now have 93 gold pieces (gained 12).
Found a hand axe.
A hobgoblin comes into view.
Found 6 stones.
A hobgoblin is nearby!
Aiming: Spit Poison (2% risk of failure)
Press: ? - help, Shift-Dir - straight line, f - hobgoblin
Aim: a hobgoblin (asleep, 100% to hit)
The splash of poison hits the hobgoblin.
The hobgoblin is almost dead.
The hobgoblin shouts!
Unknown command.
The hobgoblin barely misses you.
You hit the hobgoblin.
You kill the hobgoblin!
You have got your breath back.
You have reached level 4!
You feel agile.
Are you sure you want to abandon this character and quit the game? (Confirm with "yes".)

.# #.# .## ##.#
#.## ##.##
#..###.## #.#...##
### .....## ..#
#.#..# #.# #.#..#
#†# #.#..# #@#
#.#..# #.#
..#..###########.#
###..............#
#.######.......#
###.## #.#####.#
.....# #.# #.#
###..# #.# #.#
#..# #.# #.#


There were no monsters in sight!

Vanquished Creatures
  2 adders (D:2)
  A worm (D:2)
  A dart slug (D:2)
  2 endoplasms
  A giant cockroach (D:1)
  4 goblins
  4 hobgoblins
  3 jackals (D:2)
  3 quokkas
  3 ball pythons (D:2)
  5 bats
  A kobold (D:1)
  A rat (D:1)
31 creatures vanquished.

Notes
Turn   | Place    | Note
-------+----------+-------------------------------------------
     0 | D:1      | Meow the Naga Conjurer began the quest for the Orb.
     0 | D:1      | Reached XP level 1. HP: 15/15 MP: 3/3
   395 | D:1      | Reached XP level 2. HP: 21/22 MP: 3/5
   418 | D:1      | Learned a level 2 spell: Searing Ray
   820 | D:2      | Found a sparkling altar of Nemelex Xobeh.
   885 | D:2      | Reached XP level 3. HP: 28/28 MP: 0/7
  1385 | D:2      | Reached XP level 4. HP: 36/36 MP: 8/8
  1385 | D:2      | Quit the game

Illustrated notes

Levels and vault maps discovered:
D:1:      onia_arrival_pyramid, layout_basic, hex_medium
D:2:      layout_loops_ring, basic_altar

Skill      XL: |  1  2  3 |
---------------+----------+-----
Spellcasting   | 3 |  3.0
Dodging        | |  1.5
Stealth        | |  3.0
Conjurations   | |  4.8

Action                     |  1- 3 |  4- 6 || total
---------------------------+-------+-------++-------
  Melee: Short sword       |     1 |       ||     1
         Unarmed           |     1 |       ||     1
         Spear             |     3 |       ||     3
         Punch             |     1 |       ||     1
   Cast: Magic Dart        |    30 |       ||    30
         Searing Ray       |     5 |       ||     5
Ability: Spit Poison       |    16 |       ||    16
 Armour: Robe              |     9 |       ||     9
  Dodge: Dodged            |     8 |       ||     8

Table legend: (Time is in decaauts)
 A = Elapsed time spent in this place.
 B = Non-inter-level travel time spent in this place.
 C = Inter-level travel time spent in this place.
 D = Time resting spent in this place.
 E = Time spent auto-exploring this place.
 F = Levels seen in this place.
 G = Mean time per level.
                   A        B        C        D        E       F      G
               +--------+--------+--------+--------+--------+-----+--------+
         Total |   1751 |   1736 |     15 |    343 |   1188 |   2 |  875.5 |
       Dungeon |   1751 |   1736 |     15 |    343 |   1188 |   2 |  875.5 |
               +--------+--------+--------+--------+--------+-----+--------+

Top non-repeatable levels by time:
     D:1: 1019 daAuts
     D:2: 731 daAuts
